 Dungeon Crawl Stone Soup version 0.31.0-12-g77e489cdc1 (webtiles) character file.

Game seed: 7802738593454713568

3101 Doomgape the Ruffian (level 9, 0/120 HPs)
             Began as a Troll Fighter on Mar 4, 2024.
             Was a Follower of Hepliaklqana.
             Slain by a yak (2 damage)
             ... on level 6 of the Dungeon.
             The game lasted 00:12:21 (4908 turns).

Doomgape the Ruffian (Troll Fighter)                Turns: 4908, Time: 00:12:22

Health: 0/120      AC:  6    Str: 30    XL:     9   Next: 59%
Magic:  8/8        EV: 10    Int:  4    God:    Hepliaklqana [*.....]
Gold:   286        SH:  9    Dex:  9    Spells: 8/8 levels left

rFire   . .          .
                       - Unarmed
rCold   . . .        b - +0 kite shield
rNeg    . . .        a - +0 robe
rPois   .            k - +2 hat
rElec   .            (no cloak)
rCorr   .            (gloves unavailable)
SInv    .            (boots unavailable)
Will    .....        (no amulet) Stlth
                     (no ring)
HPRegen 1.20/turn    (no ring)
MPRegen 0.11/turn

%: no passive effects
@: berserking (expiring), studying Ranged Weapons, very quick
A: reduced essence, large, unfitting armour, claws 3, regeneration 1, shaggy fur
1, tough skin 1
a: Renounce Religion, Recall Ancestor, Ancestor Identity


You were on level 6 of the Dungeon.
You worshipped Hepliaklqana.
Hepliaklqana was aware of your devotion.
You visited 2 branches of the dungeon, and saw 7 of its levels.

You collected 286 gold pieces.

Inventory:

Armour
 a - a +0 robe (worn)
 b - a +0 kite shield (worn)
 k - a +2 hat (worn)
Jewellery
 i - an amulet of magic regeneration
 o - an amulet of guardian spirit
Wands
 d - a wand of polymorph (7)
 p - a wand of acid (15)
Scrolls
 h - a scroll of fog
 l - a scroll of teleportation
 n - 4 scrolls of identify
 q - a scroll of enchant armour
Potions
 c - 2 potions of might
 e - a potion of degeneration {unknown}
 f - a potion of curing {unknown}
 g - a potion of brilliance {unknown}
 j - a potion of cancellation {unknown}
 m - a potion of berserk rage


   Skills:
 + Level 6.1 Fighting
 + Level 6.1 Dodging
 + Level 6.7 Shields
 + Level 7.0 Unarmed Combat


You had 8 spell levels left.
You didn't know any spells.
Your spell library contained the following spells:

 Spells                   Type           Power      Damage    Failure   Level
 Mercury Vapours          Alch/Air       0%         N/A       83%         2
 Mephitic Cloud           Conj/Alch/Air  0%         N/A       96%         3
 Freezing Cloud           Conj/Ice/Air   0%         6-21      100%        5


Dungeon Overview and Level Annotations

Branches:
Dungeon (6/15)             Temple (1/1) D:5

Altars:
Cheibriados
Dithmenos
Elyvilon
Hepliaklqana
Kikubaaqudgha
Makhleb
Nemelex Xobeh
Okawaru
Qazlal
Ru
Sif Muna
Trog
Uskayaw
Vehumet
Xom
Zin
The Shining One

Annotations:
D:4 2 transporters, aloneDruid's ghost, amateur OpAl


Innate Abilities, Weirdness & Mutations

Your life essence is reduced to manifest your ancestor. (-10% HP)
You are too large for most types of armour.
You have claws for hands.
Your natural rate of healing is unusually fast.
You are covered in fur. (AC +1)
You have tough skin. (AC +1)


Message History

Unknown command.
You barely miss the yak.
The yak is severely wounded.
Unknown command.
You claw the yak!
You kill the yak!
The yak gores you!
* * * LOW HITPOINT WARNING * * *
Unknown command.
You claw the yak!
The yak is moderately wounded.
The yak barely misses you. x2
Unknown command.
You claw the yak!
The yak is heavily wounded.
Unknown command.
Unknown command.
You mangle the yak!!
You kill the yak!
The yak gores you.
* * * LOW HITPOINT WARNING * * *
Your Unarmed Combat skill increases to level 7!
Unknown command.
Unknown command.
You claw the yak!
The yak is heavily wounded.
You block the yak's attack. x2
You claw the yak!
The yak is severely wounded.
Unknown command.
You claw the yak!
The yak is almost dead.
The yak gores you!
* * * LOW HITPOINT WARNING * * *
You block the yak's attack.
Unknown command.
You claw the yak!
You kill the yak!
The yak gores you.
You die...

..)....# ##.#####
............. ......#
#.........>..
#.[##................
..#######...........
............ ..?..
.#######... ...# .#
##.# #Y†# .######..#
##@#
.#......#######.R#
...#..).......#.##
####..).......#.#
#.)........#.#
###..†.......#.#
(.............#.#
.###..........#.#
..~~~........#.#


You could see the friendly Anka the ancestor and a yak (ally target).

Vanquished Creatures
  Pikel (D:5)
  Grinder (D:3)
  Sigmund (D:5)
  4 yaks (D:6)
  Menkaure (D:4)
  Edmund (D:5)
  2 sky beasts (D:6)
  An ice beast (D:5)
  An ogre (D:6)
  A phantom (D:3)
  Blork the orc (D:4)
  A bullfrog (D:6)
  4 scorpions
  A jelly (D:5)
  A hound (D:4)
  2 orc priests
  A bombardier beetle (D:4)
  A gnoll bouda (D:4)
  An iguana (D:5)
  A sleepcap (D:6)
  Ijyb (D:5)
  An orc wizard (D:4)
  Robin (D:4)
  18 gnolls
  6 adders
  A shadow imp (D:5)
  A white imp (D:6)
  A ribbon worm (D:4)
  3 dart slugs
  8 orcs
  7 ball pythons
  11 endoplasms
  A giant cockroach (D:4)
  13 goblins
  13 hobgoblins
  3 jackals (D:2)
  3 quokkas
  5 bats
  6 frilled lizards
  10 kobolds
  2 rats
143 creatures vanquished.

Vanquished Creatures (collateral kills)
  An ogre (D:5)
  A scorpion (D:6)
  A hound (D:4)
  2 gnolls (D:6)
  An adder (D:5)
  3 orcs (D:5)
9 creatures vanquished.

Vanquished Creatures (others)
  An ancestor (D:5)
1 creature vanquished.

Grand Total: 153 creatures vanquished

Notes
Turn   | Place    | Note
-------+----------+-------------------------------------------
     0 | D:1      | Doomgape the Troll Fighter began the quest for the Orb.
     0 | D:1      | Reached XP level 1. HP: 22/22 MP: 0/0
   276 | D:1      | Reached XP level 2. HP: 29/29 MP: 1/1
   947 | D:2      | Found a shimmering altar of Xom.
  1326 | D:2      | Reached XP level 3. HP: 34/36 MP: 2/2
  1891 | D:3      | Reached XP level 4. HP: 44/44 MP: 3/3
  1963 | D:3      | Found a hazy altar of Hepliaklqana.
  1964 | D:3      | Found a shimmering altar of Xom.
  1964 | D:3      | Noticed a purple ugly thing
  1965 | D:3      | Noticed a spectral ugly thing
  1965 | D:3      | Noticed a brown ugly thing
  1968 | D:3      | Became a worshipper of Hepliaklqana the Forgotten
  1978 | D:3      | Noticed a phantom
  2005 | D:3      | Killed a phantom
  2006 | D:3      | Reached skill level 3 in Unarmed Combat
  2006 | D:3      | Reached XP level 5. HP: 49/53 MP: 4/4
  2106 | D:3      | Noticed Grinder
  2116 | D:3      | Killed Grinder
  2117 | D:3      | Reached XP level 6. HP: 40/62 MP: 5/5
  2201 | D:3      | Found a bloodstained altar of Trog.
  2206 | D:3      | Found a shimmering blue altar of Sif Muna.
  2801 | D:4      | Reached skill level 4 in Unarmed Combat
  2867 | D:4      | Reached XP level 7. HP: 58/68 MP: 6/6
  3010 | D:4      | Found a transporter.
  3010 | D:4      | Noticed aloneDruid's ghost (amateur OpAl)
  3017 | D:4      | Found a transporter.
  3022 | D:4      | Noticed Robin
  3047 | D:4      | Killed Robin
  3188 | D:4      | Noticed Menkaure
  3201 | D:4      | Killed Menkaure
  3320 | D:4      | Noticed Blork the orc
  3332 | D:4      | Killed Blork the orc
  3410 | D:4      | Reached * piety under Hepliaklqana
  3713 | D:5      | Entered Level 5 of the Dungeon
  3735 | D:5      | Reached skill level 5 in Shields
  3794 | D:5      | Noticed Edmund
  3795 | D:5      | Reached XP level 8. HP: 71/71 MP: 7/7
  3797 | D:5      | Reached skill level 5 in Unarmed Combat
  3805 | D:5      | Killed Edmund
  3812 | D:5      | Noticed Pikel
  3830 | D:5      | Killed Pikel
  3830 | D:5      | Noticed Sigmund
  3831 | D:5      | Reached skill level 5 in Fighting
  3831 | D:5      | Reached skill level 5 in Dodging
  3882 | D:5      | Killed Sigmund
  3883 | D:5      | Reached skill level 6 in Unarmed Combat
  4036 | D:5      | Found a shadowy altar of Dithmenos.
  4084 | D:5      | Reached XP level 9. HP: 62/79 MP: 8/8
  4271 | D:5      | Found an ancient bone altar of Kikubaaqudgha.
  4435 | D:5      | Found a staircase to the Ecumenical Temple.
  4455 | D:5      | Noticed Ijyb
  4461 | D:5      | Killed Ijyb
  4537 | Temple   | Entered the Ecumenical Temple
  4849 | D:6      | Found a snail-covered altar of Cheibriados.
  4905 | D:6      | Reached skill level 7 in Unarmed Combat
  4907 | D:6      | HP: 1/120 [yak (12)]
  4908 | D:6      | Slain by a yak

Illustrated notes

Levels and vault maps discovered:
D:1:      mrwooster_arrival_arrow, layout_basic, serial_aquarium,
          aquarium_bridge_island_small [aquarium_subvault_small_open,
          aquarium_subvault_bridge, aquarium_subvault_window,
          aquarium_subvault_wall, aquarium_subvault_bridge],
          aquarium_bridge_long_separate [aquarium_subvault_bridge,
          aquarium_subvault_bridge, aquarium_subvault_window,
          aquarium_subvault_bridge, aquarium_subvault_bridge,
          aquarium_subvault_window], aquarium_window_fake, aquarium_window_2,
          aquarium_window_corner, aquarium_view_2c, aquarium_balcony_3a,
          fountainhead
D:2:      layout_basic, basic_altar, kennysheep_cross_room, grunt_ministairs_8,
          kennysheep_generic_room_16
D:3:      layout_basic, regret_index_temple_of_mockery,
          hellmonk_overflow_destroyed_library, uniq_grinder
D:4:      layout_basic, gammafunk_ghost_smash, uniq_blork_the_orc, uniq_robin,
          uniq_menkaure
D:5:      layout_loops_corners, nicolae_overflow_hidden_temple,
          nicolae_kikubaaqudgha_miasma_corner,
          minmay_temple_entry_gardened_gates, uniq_ijyb, uniq_sigmund,
          uniq_pikel, uniq_edmund
D:6:      layout_rooms, kennysheep_slug_shrine, serial_shops,
          nicolae_diamond_shop, glass_columns_b, kennysheep_boxes
Temple:   hellmonk_temple_flake

Skill      XL: |  1  2  3  4  5  6  7  8  9 |
---------------+----------------------------+-----
Shields        | 3 4 5 6 |  6.7
Dodging        | 3 4 5 6 |  6.1
Fighting       | 3 4 5 6 |  6.1
Unarmed Combat | 3 4 6 7 |  7.0

Action                     |  1- 3 |  4- 6 |  7- 9 || total
---------------------------+-------+-------+-------++-------
  Melee: Unarmed           |   102 |    91 |   277 ||   470
 Invoke: Ancestor Identity |       |       |     1 ||     1
    Use: Potion            |       |     1 |     2 ||     3
         Scroll            |       |     2 |     5 ||     7
   Stab: Sleeping          |       |       |     1 ||     1
         Distracted        |       |       |     1 ||     1
 Armour: Robe              |    47 |    62 |   128 ||   237
  Dodge: Dodged            |    38 |    40 |    60 ||   138
  Block: Kite shield       |    30 |    36 |   100 ||   166
